 Dungeon Crawl Stone Soup version 0.31-a0-229-g1fc7ce93e2 (webtiles) character file.

Game seed: 2429742787413589849

57 qw the Shooter (level 4, -5/26 HPs)
             Began as a Gargoyle Hexslinger on July 6, 2023.
             Slain by a goblin
             ... wielding a +0 club
             ... led by Robin
              (6 damage)
             ... on level 2 of the Dungeon.
             The game lasted 00:00:27 (1099 turns).

qw the Shooter (Gargoyle Hexslinger)                Turns: 1099, Time: 00:00:27

Health: -5/26      AC:  9    Str: 12    XL:     4   Next: 0%
Magic:  5/5        EV: 10    Int: 13    God:
Gold:   64         SH:  0    Dex: 14    Spells: 4/5 levels left

rFire   . . .        Y - +1 sling
rCold   . . .        (no shield)
rNeg    + . .        e - +0 ring mail
rPois   inf          d - +0 helmet
rElec   +            (no cloak)
rCorr   .            (no gloves)
SInv    .            (no boots)
Will    .....        (no amulet)
Stlth   +            (no ring)
HPRegen 0.24/turn    (no ring)
MPRegen 0.09/turn

%: no passive effects
@: no status effects
A: sickness immunity, AC +3, negative energy resistance 1, electricity
resistance, torment resistance 1, petrification resistance
a: no special abilities


You were on level 2 of the Dungeon.
You visited 1 branch of the dungeon, and saw 2 of its levels.

You collected 64 gold pieces.


Innate Abilities, Weirdness & Mutations

You are immune to sickness and miasma.
Your stone body is resilient. (AC +3)
You are immune to poison.
You resist negative energy. (rN+)
You are resistant to electric shocks. (rElec)
You are resistant to unholy torment.
You are immune to petrification.


   Skills:
 - Level 2.0 Fighting
 + Level 3.6 Ranged Weapons
 - Level 1.0 Armour
 - Level 1.5 Dodging
 - Level 1.0 Spellcasting
 - Level 2.6 Hexes


You had 4 spell levels left.
You knew the following spells:

 Your Spells              Type           Power      Damage    Failure   Level
a - Slow                  Hex            28%        N/A       22%         1

Your spell library contained the following spells:

 Spells                   Type           Power      Damage    Failure   Level
 Inner Flame              Hex/Fire       4%         N/A       73%         3
 Portal Projectile        Hex/Tloc       8%         N/A       73%         3
 Cause Fear               Hex            3%         N/A       91%         4

Inventory:

Hand Weapons
 Y - a +1 sling (weapon)
Armour
 d - a +0 helmet (worn)
 e - a +0 ring mail (worn)
Potions
 g - a potion of brilliance {unknown}
 h - a potion of magic {unknown}
 i - a potion of lignification {unknown}

Dungeon Overview and Level Annotations

Branches:
Dungeon (2/15)

Altars:

Shops:
D:2 (

Annotations:
D:2 Robin


Message History

You shoot a sling bullet. The sling bullet hits the goblin!
You kill the goblin!
The kobold hits you but does no damage.
Robin hits you from afar with a +0 spear.
A goblin comes into view. It is wielding a +0 club.
Robin throws the goblin at you! The kobold hits you but does no damage.
You shoot a sling bullet. The sling bullet hits the goblin.
You kill the goblin!
The kobold barely misses you.
A goblin comes into view. It is wielding a +0 club.
Robin closely misses you.
You shoot a sling bullet. The sling bullet hits the goblin.
The goblin is severely wounded.
The kobold hits you with a +0 short sword.
Robin throws the goblin at you!
A goblin comes into view. It is wielding a +0 club.
The goblin hits you but does no damage. The goblin closely misses you.
The goblin completely misses you.
Robin hits you from afar with a +0 spear.
The kobold closely misses you.
You shoot a sling bullet.
The sling bullet barely misses the goblin.
The goblin hits you with a +0 dagger. The kobold hits you but does no damage.
The goblin hits you but does no damage.
Robin roars a battlecry!
The goblins go into a battle-frenzy!
You shoot a sling bullet. The sling bullet hits the goblin!
You kill the goblin!
The goblin closely misses you. The kobold closely misses you.
Robin throws the goblin at you!
You have reached level 4!
You feel stronger.
You shoot a sling bullet.
The sling bullet barely misses the goblin.
The goblin hits you but does no damage. The kobold misses you.
The goblin completely misses you. Robin throws the goblin at you!
The goblin hits you but does no damage. The goblin closely misses you. x2
Robin throws the goblin at you!
The kobold hits you with a +0 short sword.
The goblin hits you with a +0 club.
You die...

#.....###...###
#.####.##...........
#.#... ######...###
#.#.# ##.## . #.#.#
#.# ..###...# #.#
........## #.#
!...)..gg##########.#
...)_gK@g...........#
.)....)g#############
.......[# ####....#
######


You could see Robin, 4 goblins and a kobold.

Vanquished Creatures
  An adder (D:2)
  2 dart slugs (D:1)
  2 endoplasms
  A giant cockroach (D:1)
  12 goblins
  6 hobgoblins
  3 jackals
  2 ball pythons (D:1)
  2 bats (D:1)
  A frilled lizard (D:1)
  2 kobolds (D:1)
  3 rats
37 creatures vanquished.

Notes
Turn   | Place    | Note
-------+----------+-------------------------------------------
     0 | D:1      | qw the Gargoyle Hexslinger began the quest for the Orb.
     0 | D:1      | Reached XP level 1. HP: 12/12 MP: 2/2
     0 | D:1      | 0 ||| qw: Version: 0.3-a-46-gb1f654a
     0 | D:1      | 0 ||| qw: Game counter: 1436
     0 | D:1      | 0 ||| qw: Melee chars always use a shield: true
     0 | D:1      | 0 ||| qw: God list: Okawaru
     0 | D:1      | 0 ||| qw: Allow faded altars: false
     0 | D:1      | 0 ||| qw: Do Orc after clearing Dungeon:15 true
     0 | D:1      | 0 ||| qw: Do second Lair branch before Depths: true
     0 | D:1      | 0 ||| qw: Lair rune preference: random
     0 | D:1      | 0 ||| qw: Goals: Normal
     0 | D:1      | 0 ||| PLANNING D:1-11
   333 | D:1      | Reached XP level 2. HP: 14/16 MP: 3/3
   427 | D:1      | Reached skill level 3 in Ranged Weapons
   539 | D:1      | Reached XP level 3. HP: 21/21 MP: 4/4
   834 | D:1      | 834 ||| UPGRADING to +0 helmet.
   839 | D:1      | 839 ||| UPGRADING to +0 ring mail.
   849 | D:1      | 849 ||| DROPPING +0 robe.
   850 | D:1      | 850 ||| READING 2 scrolls labelled WIUKIP WOINKY.
   851 | D:1      | 851 ||| READING scroll labelled WUUVOMO YTAY.
   852 | D:1      | 852 ||| DROPPING scroll of amnesia.
   853 | D:1      | 853 ||| DROPPING scroll of poison.
   891 | D:2      | Reached skill level 1 in Armour
   898 | D:2      | Found Efutwics's Antique Weapon Boutique.
   932 | D:2      | 932 ||| SHOPLISTING glowing sling (126 gold, have 35).
  1078 | D:2      | Found a faded altar of an unknown god.
  1086 | D:2      | Noticed Robin
  1096 | D:2      | HP: 4/21 [Robin/+0 spear (4)]
  1097 | D:2      | HP: 1/21 [goblin/+0 dagger[Robin] (3)]
  1099 | D:2      | Reached XP level 4. HP: 2/26 MP: 5/5
  1099 | D:2      | Slain by a goblin

Levels and vault maps discovered:
D:1:      dpeg_arrival_brainrot, layout_basic
D:2:      layout_loops_ring, serial_shops, shop,
          ebering_ecumenical_altar_sacrificial, uniq_jessica, uniq_robin,
          uniq_crazy_yiuf_cottage

Skill      XL: |  1  2  3 |
---------------+----------+-----
Ranged Weapons | 3 |  3.6
Fighting       | 2 |  2.0
Armour         | 1 |  1.0
Dodging        | |  1.5
Spellcasting   | |  1.0
Hexes          | |  2.6

Action                     |  1- 3 |  4- 6 || total
---------------------------+-------+-------++-------
   Fire: Sling             |   116 |     1 ||   117
    Use: Scroll            |     2 |       ||     2
 Armour: Robe              |    11 |       ||    11
         Ring mail         |    22 |     3 ||    25
  Dodge: Dodged            |    50 |     4 ||    54

Table legend:
 A = Non-vault XP
 B = Vault XP
 C = Vault XP percentage of total XP
 D = Non-vault monster count
 E = Vault monster count
 F = Vault count percentage of total count
                 A         B        C        D         E       F
            +---------+---------+-------+---------+---------+-------
      Total |      68 |      14 |  17.1 |      30 |       7 |  18.9
            +---------+---------+-------+---------+---------+-------
        D:1 |      42 |       2 |   4.5 |      22 |       1 |   4.3
        D:2 |      26 |      12 |  31.6 |       8 |       6 |  42.9
            +---------+---------+-------+---------+---------+-------
